Map: Oxide LE

Players

SoulSpirit

  • Race: Zerg Zerg
  • League: Master

Lilbow - Winner!

  • Race: Protoss Protoss
  • League: Master

VOD

Have the link to the VOD?

Description

Time

  • Played on: April 10, 2021, 1:34 p.m.
  • Length: 8:09
Show
View Real Time Build Order
Export as new Build Order

SoulSpirit Zerg 

Build Orders: Hatch First 

Get SALT Encoding   

  12  0:00  Drone  
  13  0:12  Overlord  
  13  0:16  Drone  
  14  0:30  Drone x2  
  16  0:44  Drone  
  17  0:52  Hatchery  
  17  0:55  Drone  
  17  0:59  Drone  
  18  1:09  Extractor  
  17  1:13  Spawning Pool  
  17  1:16  Drone  
  17  1:21  Drone  
  18  1:28  Drone  
  19  1:39  Drone  
  20  1:51  Overlord  
  20  2:00  Queen  
  22  2:04  Queen, Zergling x2  
  22  2:05  Zergling x2  
  26  2:09  Metabolic Boost  
  26  2:13  Drone  
  27  2:15  Drone  
  27  2:22  Drone  
  29  2:31  Drone  
  29  2:36  Hatchery  
  29  2:38  Zergling x2  
  30  2:44  Overlord  
  30  2:54  Drone x2  
  30  2:58  Drone x2  
  32  3:01  Queen  
  32  3:05  Drone  
  35  3:10  Drone  
  35  3:11  Overlord  
  35  3:12  Drone  
  37  3:13  Drone  
  37  3:18  Drone  
  39  3:22  Drone  
  39  3:26  Queen  
  42  3:28  Overlord  
  42  3:32  Drone  
  43  3:36  Spore Crawler  
  42  3:44  Drone  
  42  3:46  Queen  
  42  3:47  Drone x3  
  48  3:53  Drone x3  
  48  3:55  Spore Crawler  
  49  4:00  Drone  
  49  4:01  Drone  
  51  4:07  Queen  
  53  4:12  Drone x5  
  58  4:18  Roach Warren  
  57  4:24  Overlord, Drone  
  57  4:28  Overlord  
  57  4:39  Drone  
  57  4:42  Queen  
  57  4:43  Overlord, Drone  
  57  4:44  Drone x5  
  66  4:46  Extractor  
  66  4:48  Overlord, Extractor  
  66  4:51  Spore Crawler  
  66  4:52  Extractor  
  62  4:56  Overlord x2  
  62  4:59  Roach x2  
  66  5:04  Roach x2  
  69  5:14  Roach x2  
  71  5:17  Roach, Zergling x16  
  83  5:25  Roach x3  
  89  5:31  Queen  
  89  5:35  Zergling x6  
  94  5:36  Ravager  
  93  5:48  Zergling x16  
  90  5:59  Roach x4  
  92  6:05  Roach  
  96  6:12  Zergling x4  
  96  6:14  Overlord  
  94  6:26  Overlord  
  94  6:28  Ravager x4  
  98  6:34  Zergling x14  
  98  6:36  Ravager  
  104  6:46  Zergling x8  
  104  6:51  Ravager x2  
  105  6:58  Zergling x10  
  98  7:08  Zergling x6  
  94  7:15  Zergling x6  
  94  7:20  Zergling x6  
  94  7:22  Queen  
  86  7:32  Zergling x6  
  83  7:39  Zergling x4  
  76  7:45  Roach  
Show
View Real Time Build Order
Export as new Build Order

Lilbow Protoss - Winner!

Build Orders: 1 Gate Expand 

Get SALT Encoding   

  12  0:00  Probe  
  13  0:13  Pylon  
  13  0:17  Probe (Chrono Boost)  
  14  0:27  Probe (Chrono Boost)  
  15  0:32  Probe (Chrono Boost)  
  16  0:41  Gateway  
  16  0:43  Probe  
  16  0:49  Assimilator  
  17  0:55  Probe  
  18  1:07  Probe  
  19  1:19  Probe  
  20  1:26  Nexus  
  20  1:35  Cybernetics Core  
  20  1:38  Probe  
  21  1:44  Assimilator  
  21  1:50  Probe  
  21  1:54  Pylon  
  22  2:02  Probe  
  23  2:09  Adept (Chrono Boost)  
  23  2:14  Probe (Chrono Boost)  
  26  2:16  Stargate  
  26  2:26  Probe (Chrono Boost), Warp Gate  
  27  2:31  Probe (Chrono Boost)  
  27  2:32  Adept  
  30  2:38  Probe (Chrono Boost)  
  32  2:47  Probe x2 (Chrono Boost)  
  33  2:52  Probe (Chrono Boost)  
  33  2:53  Probe, Void Ray (Chrono Boost)  
  35  3:04  Probe  
  35  3:05  Probe  
  41  3:08  Pylon  
  41  3:14  Gateway  
  41  3:16  Probe  
  41  3:17  Probe  
  43  3:29  Probe x2  
  48  3:34  Twilight Council  
  48  3:41  Probe x2  
  47  3:53  Probe  
  47  3:54  Gateway, Probe  
  48  3:57  Gateway  
  48  4:05  Nexus  
  48  4:06  Resonating Glaives (Chrono Boost)  
  48  4:07  Pylon  
  49  4:14  Adept x2  
  52  4:18  Probe x2  
  52  4:21  Assimilator  
  54  4:24  Pylon  
  54  4:30  Probe x2  
  56  4:36  Adept x2  
  56  4:37  Assimilator  
  60  4:42  Probe  
  60  4:45  Probe  
  62  4:52  Adept x2  
  66  4:54  Probe  
  66  4:57  Probe, Adept  
  66  4:59  Pylon  
  70  5:01  Forge  
  70  5:17  Probe (Chrono Boost), Adept x3  
  70  5:18  Probe (Chrono Boost), Adept  
  70  5:20  Probe (Chrono Boost)  
  81  5:27  Blink (Chrono Boost)  
  82  5:28  Protoss Ground Weapons Level 1 (Chrono Boost)  
  82  5:29  Probe (Chrono Boost), Pylon  
  82  5:32  Probe (Chrono Boost)  
  82  5:35  Probe (Chrono Boost)  
  84  5:36  Probe (Chrono Boost)  
  83  5:46  Probe, Sentry x3  
  80  6:01  Probe  
  80  6:04  Gateway  
  79  6:05  Gateway  
  79  6:06  Stalker  
  79  6:09  Gateway  
  79  6:10  Gateway, Sentry  
  79  6:11  Stalker x2  
  77  6:16  Shield Battery  
  77  6:17  Gateway  
  77  6:18  Shield Battery  
  77  6:23  Shield Battery  
  77  6:28  Shield Battery  
  77  6:29  Stalker  
  77  6:30  Shield Battery  
  79  6:34  Sentry  
  79  6:35  Stalker x2  
  83  6:47  Pylon  
  83  6:48  Gateway  
  83  6:53  Stalker  
  83  6:58  Adept x2  
  83  6:59  Stalker x3  
  89  7:03  Zealot  
  89  7:09  Adept  
  89  7:11  Probe  
  86  7:17  Zealot  
  86  7:21  Stalker  
  86  7:23  Stalker x2  
  86  7:24  Stalker x2  
  90  7:32  Stalker  
  86  7:41  Pylon  
  86  7:42  Stalker  
  78  7:46  Stalker x3  
  78  7:49  Stalker  
  78  7:50  Stalker  
  88  7:56  Probe  
  79  8:04  Assimilator  
  81  8:05  Robotics Facility  
  81  8:08  Assimilator  
Tags
 
Add a new tag
Caveats
  • Supply blocks, unpowered buildings, or Contaminate may cause inaccurate times.
  • Supply counts are checked every 10 seconds.